 Dungeon Sprint DCSS version 0.21.0-3-g78d12a8 (webtiles) character file.

5031 wojtek the Severer (level 10, -6/101 HPs)
             Began as a Minotaur Berserker on Jan 13, 2018.
             Was a Priest of Trog.
             Mangled by a spriggan defender
             ... wielding a +6 flail of protection
              (16 damage)
             ... in the Dungeon (Sprint IV: "Fedhas' Mad Dash").
             The game lasted 00:08:06 (3133 turns).

wojtek the Severer (Minotaur Berserker)             Turns: 3133, Time: 00:08:07

Health: -6/101     AC: 14    Str: 25    XL:     10   Next: 30%
Magic:  9/9        EV: 14    Int:  4    God:    Trog [***...]
Gold:   131        SH: 10    Dex: 13    Spells: 9/9 levels left

rFire    . . .     SeeInvis .   a - +0 hand axe
rCold    . . .     Gourm    .   m - +2 shield {AC+3}
rNeg     . . .     Faith    .   p - +0 scale mail
rPois    .         Spirit   .   (helmet restricted)
rElec    .         Reflect  .   (no cloak)
rCorr    .         Harm     .   q - +0 pair of fencer's gloves {+Riposte Dex+3}
MR       .....     NoTele   +   (no boots)
Stlth    ..........             k - amulet of invisibility {+Inv}
HPRegen  0.26/turn              j - ring of loudness (curse)
MPRegen  0.11/turn              (no ring)

@: berserk cooldown, slowed, very slow
A: retaliatory headbutt, horns 2
a: Berserk, Trog's Hand, Burn Spellbooks, Renounce Religion, Evoke Invisibility


You were in the Dungeon.
You worshipped Trog.
Trog was most pleased with you.
You were not hungry.

You visited 1 branch You collected 231 gold pieces.
You spent 100 gold pieces at shops.

Inventory:

Hand Weapons
 a - a +0 hand axe (weapon)
Armour
 b - a +0 animal skin
 m - a +2 shield of protection (worn)
 p - a +0 scale mail (worn)
 q - the +0 pair of fencer's gloves (worn) {+Riposte Dex+3}
   (You found it in the Dungeon)

   It affects your dexterity (+3).
Jewellery
 j - a cursed ring of loudness (left hand)
 k - the amulet of invisibility (around neck) {+Inv}
   (You found it in the Dungeon)

   [amulet of nothing]

   It lets you turn invisible.
Scrolls
 i - a scroll of blinking
 n - a scroll of amnesia {unknown}
Potions
 d - a potion of curing
 f - a potion of haste
 g - 2 potions of magic
 h - 2 potions of berserk rage
 l - 2 potions of ambrosia {unknown}
 o - a potion of resistance {unknown}
Comestibles
 c - 2 rations


   Skills:
 + Level 13.3 Fighting
 * Level 17.6 Axes
 + Level 13.1 Armour
 + Level 12.1 Dodging


You had 9 spell levels left.
You didn't know any spells.

Dungeon Overview and Level Annotations

Branches:
Dungeon (1/1)

Altars:
Cheibriados
Dithmenos
Elyvilon
Gozag
Hepliaklqana
Kikubaaqudgha
Makhleb
Nemelex Xobeh
Okawaru
Qazlal
Ru
Sif Muna
Trog
Uskayaw
Vehumet
Wu Jian
Xom
Yredelemnul
Zin
The Shining One
Beogh
Jiyva
Lugonu

Shops:
D %%(%([


Innate Abilities, Weirdness & Mutations

You reflexively headbutt those who attack you in melee.
You have a pair of horns on your head.


Message History

The spriggan defender is severely wounded.
The spriggan defender hits you with a flail of protection!
* * * LOW HITPOINT WARNING * * *
Okay, then.
You aren't carrying any items that you can evoke.
You fail to use your ability.
The spriggan defender barely misses you.
You block the spriggan defender's attack.
Your two-headed ogre goes berserk!
You feel quite a bit more hungry.
You can no longer call in reinforcements.
The spriggan defender completely misses you.
You block the spriggan defender's attack.
You closely miss the spriggan defender.
The spriggan defender is severely wounded.
You block the spriggan defender's attack.
You barely miss the spriggan defender. You headbutt the spriggan defender.
The spriggan defender is severely wounded.
The spriggan defender hits you with a flail of protection!
You die...

###############.....(#
♣♣..♣.###.'..(.......+
..♣).♣##..#([#.P.....#
♣♣.♣..###.##'##.P....#
)♣...♣'...#♣)♣########
###########.....#### .
###..♣..♣....###
P.#####...♣.....O♣...♣###
P(.((((....♣....@i.∩...)#
P...#####################
#####


You could see a spriggan defender and a friendly two-headed ogre (berserk).

Vanquished Creatures
  Agnes (D)
  A spriggan druid (D)
  2 oklob plants (D)
  A moth of wrath (D)
  A burning bush (D)
  A hornet (D)
  A queen bee (D)
  4 killer bees (D)
  3 oklob saplings (D)
  A worker ant (D)
  2 spriggans (D)
  A river rat (D)
  A rat (D)
  2 ballistomycetes (D)
  A ballistomycete spore (D)
23 creatures vanquished.

Vanquished Creatures (collateral kills)
  A spriggan berserker (D)
  4 oklob plants (D)
  3 wandering mushrooms (D)
  2 burning bushes (D)
  2 scorpions (D)
  2 oklob saplings (D)
  A spriggan (D)
15 creatures vanquished.

Vanquished Creatures (others)
  A bush (D)
  A fungus (D)
2 creatures vanquished.

Grand Total: 40 creatures vanquished

Notes
Turn   | Place    | Note
-------+----------+-------------------------------------------
     0 | D        | wojtek the Minotaur Berserker began the quest for the Orb.
     0 | D        | Reached XP level 1. HP: 19/19 MP: 0/0
     6 | D        | Reached skill level 4 in Axes
     6 | D        | Reached XP level 2. HP: 27/27 MP: 1/1
    19 | D        | Noticed an oklob sapling
    21 | D        | Killed an oklob sapling
    21 | D        | Reached ** piety under Trog
    21 | D        | Reached skill level 6 in Axes
    21 | D        | Reached XP level 3. HP: 19/35 MP: 2/2
   207 | D        | Found the amulet of invisibility {+Inv}
   211 | D        | Reached skill level 5 in Fighting
   274 | D        | Found an opulent altar of Gozag.
   274 | D        | Found a hazy altar of Hepliaklqana.
   274 | D        | Found a burning altar of Makhleb.
   274 | D        | Found a roughly hewn altar of Beogh.
   274 | D        | Found a sparkling altar of Nemelex Xobeh.
   274 | D        | Found a snail-covered altar of Cheibriados.
   274 | D        | Found a sacrificial altar of Ru.
   274 | D        | Found a deep blue altar of Sif Muna.
   274 | D        | Found a shimmering altar of Xom.
   274 | D        | Found a basalt altar of Yredelemnul.
   275 | D        | Found a viscous altar of Jiyva.
   275 | D        | Found a bloodstained altar of Trog.
   275 | D        | Found an ornate altar of the Wu Jian Council.
   275 | D        | Noticed an oklob sapling priest
   280 | D        | Found an iron altar of Okawaru.
   280 | D        | Found a shadowy altar of Dithmenos.
   280 | D        | Found a glowing silver altar of Zin.
   281 | D        | Found an ancient bone altar of Kikubaaqudgha.
   281 | D        | Found a hide-covered altar of Uskayaw.
   282 | D        | Found a stormy altar of Qazlal.
   282 | D        | Found a white marble altar of Elyvilon.
   282 | D        | Found a glowing golden altar of the Shining One.
   283 | D        | Found a radiant altar of Vehumet.
   283 | D        | Found a corrupted altar of Lugonu.
   288 | D        | HP: 1/36 [oklob sapling priest/divine providence (14)]
   290 | D        | Killed an oklob sapling priest
   290 | D        | Reached skill level 7 in Axes
   290 | D        | Reached skill level 5 in Armour
   290 | D        | Reached XP level 4. HP: 1/44 MP: 0/3
   613 | D        | Reached skill level 8 in Axes
   613 | D        | Reached skill level 5 in Dodging
   787 | D        | Noticed a queen bee
   797 | D        | Reached *** piety under Trog
   797 | D        | Reached skill level 9 in Axes
   797 | D        | Reached XP level 5. HP: 46/51 MP: 2/4
   802 | D        | Killed a queen bee
   802 | D        | Reached skill level 11 in Axes
   802 | D        | Reached XP level 6. HP: 57/62 MP: 2/5
   806 | D        | Reached **** piety under Trog
   955 | D        | Noticed an oklob plant
   962 | D        | Killed an oklob plant
   962 | D        | Reached skill level 13 in Axes
   962 | D        | Reached XP level 7. HP: 71/71 MP: 6/6
  1007 | D        | Noticed a burning bush
  1286 | D        | Killed a burning bush
  1286 | D        | Reached skill level 10 in Fighting
  1286 | D        | Reached XP level 8. HP: 79/79 MP: 4/7
  1318 | D        | Noticed a burning bush
  1318 | D        | Noticed an oklob plant
  1323 | D        | Killed a burning bush
  1323 | D        | Reached skill level 10 in Armour
  1324 | D        | Noticed a wandering mushroom
  1327 | D        | Killed a wandering mushroom
  1330 | D        | Killed an oklob plant
  1330 | D        | Reached skill level 14 in Axes
  1469 | D        | Noticed a spriggan druid
  1479 | D        | Killed a spriggan druid
  1479 | D        | Reached skill level 10 in Dodging
  1496 | D        | Noticed a moth of wrath
  1504 | D        | Killed a moth of wrath
  1504 | D        | Reached ***** piety under Trog
  1504 | D        | Reached skill level 15 in Axes
  1504 | D        | Reached XP level 9. HP: 22/89 MP: 8/8
  1781 | D        | Noticed an oklob plant conjurer
  1787 | D        | Killed an oklob plant conjurer
  2049 | D        | Received a gift from Trog
  2131 | D        | Found Dol Qonn's Food Shop.
  2132 | D        | Found Ihil's Food Emporium.
  2137 | D        | Bought a ration for 50 gold pieces
  2137 | D        | Bought a ration for 50 gold pieces
  2195 | D        | Noticed an oklob plant
  2195 | D        | Noticed an oklob plant summoner
  2203 | D        | Killed an oklob plant
  2205 | D        | Killed an oklob plant summoner
  2205 | D        | Reached skill level 16 in Axes
  2207 | D        | Noticed an oklob plant shifter
  2209 | D        | Killed an oklob plant shifter
  2209 | D        | Received a gift from Trog
  2229 | D        | Noticed Agnes
  2244 | D        | Killed Agnes
  2244 | D        | Reached skill level 17 in Axes
  2244 | D        | Reached XP level 10. HP: 37/100 MP: 9/9
  2630 | D        | Found Ula Iri's Antique Weapon Shoppe.
  2631 | D        | Found the +0 pair of fencer's gloves {+Riposte Dex+3}
  2631 | D        | Found Ziaqoh's Armour Emporium.
  2708 | D        | Found Gyumeh's Antique Weapon Emporium.
  2708 | D        | Noticed a spriggan berserker
  2709 | D        | Noticed a death yak
  2710 | D        | Noticed an elephant
  2715 | D        | Killed a spriggan berserker
  2722 | D        | Found Ukust's Food Shoppe.
  2729 | D        | Noticed a spriggan rider
  3099 | D        | Noticed a spriggan defender
  3133 | D        | Mangled by a spriggan defender

Skill      XL: |  1  2  3  4  5  6  7  8  9 10 |
---------------+-------------------------------+-----
Fighting       | 4 6 8 9 10 11 12 13 | 13.3
Axes           | 4 6 7 9 11 13 15 17 | 17.6
Armour         | 3 4 5 6 8 9 11 12 13 | 13.1
Dodging        | 3 4 5 7 8 9 10 11 12 | 12.1

Action                   |  1- 3 |  4- 6 |  7- 9 | 10-12 || total
-------------------------+-------+-------+-------+-------++-------
Melee: Hand axe          |    12 |    26 |    50 |    37 ||   125
       Headbutt          |     5 |     4 |    10 |     6 ||    25
Invok: Berserk           |     1 |     2 |     4 |     1 ||     8
       Brothers in Arms  |       |       |     5 |     4 ||     9
       Burn Spellbooks   |       |       |     1 |       ||     1
 Abil: Evoke Invisibilit |     1 |     2 |     1 |       ||     4
  Use: Potion            |       |       |       |     1 ||     1
 Stab: Sleeping          |     1 |     1 |       |       ||     2
       Invisible         |       |     3 |       |       ||     3
  Eat: Ration            |       |     1 |     1 |     2 ||     4
       Chunk             |       |       |     5 |     1 ||     6
Armor: Animal skin       |     2 |       |     2 |     1 ||     5
       Scale mail        |       |       |       |     4 ||     4
Dodge: Dodged            |     1 |    12 |    13 |    11 ||    37
Block: Shield            |       |       |     6 |    10 ||    16
       Rpst.: Hand axe   |       |       |       |     2 ||     2
